AoeStats
← Patience

Migration

508792998Analyzed
1v1 RM · 8d ago on Sep 24, 2026· 40m 26s· 2 players
Game mode
Random Map
Map size
132×132
Population
200
Speed
Normal
Resources
Standard
Victory
Conquest
Starting age
Dark Age
Ending age
Imperial Age
RankedLock teamsTeams togetherTeam positionsShared explorationLock speedFull tech treeHidden civsTurbo modeCheats
Victory
Defeat
🇺🇸 Saxons · United States
751
+17
🇨🇴 Japanese · Colombia
782
-17
Patience
9:15 Feudal Age
10:30 Double-Bit Axe
18:47 Castle Age
17:05 Forging
16:57 Scale Mail Armor
23:51 Loom
25:43 Chain Mail Armor
27:51 Squires
36:40 Imperial Age
ryamkk
8:39 Loom
11:12 Feudal Age
17:05 Castle Age
15:24 Double-Bit Axe
15:53 Horse Collar
18:19 Man-at-Arms
21:30 Medium Warships
30:29 Wheelbarrow
30:08 Forging
30:34 Fletching
31:39 Heavy Plow
31:52 Bow Saw
32:55 Arson
33:31 Hand Cart
33:28 Gold Mining
34:26 Treadmill Crane
35:08 Ballistics
35:13 Bodkin Arrow
35:07 Town Watch
42:32 Imperial Age
Connection lost

Rejoining the realm…

Still unreachable

The connection could not be restored.

Session expired

The server has moved on; the page needs a fresh start.